 Dungeon Crawl Stone Soup version 0.29.1-14-g9c671dbff4 (webtiles) character file.

Game seed: 11890222022726629471

848 H0rd4k the Stinger (level 8, -3/50 HPs)
             Began as an Octopode Artificer on Feb 16, 2023.
             Was an Initiate of Gozag.
             Killed by divine providence
             ... invoked by an orc priest
              (15 damage)
             ... on level 6 of the Dungeon.
             The game lasted 00:06:42 (6607 turns).

H0rd4k the Stinger (Octopode Artificer)             Turns: 6607, Time: 00:06:44

Health: -3/50      AC:  1    Str: 11    XL:     8   Next: 1%
Magic:  6/14       EV: 13    Int: 15    God:    Gozag
Gold:   367        SH:  5    Dex: 13    Spells: 10/15 levels left

rFire   + . .      SeeInvis .     - Unarmed
rCold   . . .      Faith    .   (no shield)
rNeg    . . .      Spirit   .   (helmet restricted)
rPois   .          Reflect  +   y - amulet of reflection
rElec   .          Harm     .   u - ring of protection from fire
rCorr   .          Rampage  .   (no ring)
Will    .....                   (no ring)
Stlth   +++.......              (no ring)
HPRegen 0.16/turn               (no ring)
MPRegen 0.14/turn               (no ring)
                                (no ring)
                                (no ring)

@: gold aura, very slightly contaminated
A: almost no armour, amphibious, 8 rings, camouflage 1, gelatinous body 1,
(nimble swimmer 1), tentacles
a: Renounce Religion, Potion Petition, Call Merchant, Bribe Branch


You were on level 6 of the Dungeon.
You worshipped Gozag.
Gozag was aware of your devotion.
You visited 2 branches of the dungeon, and saw 7 of its levels.

You collected 468 gold pieces.
You paid 101 gold pieces to Gozag.

Inventory:

Missiles
 z - a throwing net
Jewellery
 b - a ring of protection from fire
 u - a ring of protection from fire (left tentacle)
 y - an amulet of reflection (around mantle)
Wands
 c - a wand of charming (5)
 d - a wand of iceblast (1)
 B - a wand of mindburst (19)
Scrolls
 a - 2 scrolls of enchant armour {unknown}
 g - 5 scrolls of identify {unknown}
 j - a scroll of poison {unknown}
 k - 4 scrolls of teleportation {unknown}
 l - 2 scrolls of blinking {unknown}
 n - a scroll of vulnerability {unknown}
 o - a scroll of butterflies {unknown}
 v - a scroll of immolation {unknown}
 w - a scroll of torment {unknown}
 x - a scroll of noise {unknown}
 A - a scroll of amnesia {unknown}
 C - a scroll of magic mapping {unknown}
 D - a scroll of summoning {unknown}
Potions
 e - a potion of magic {unknown}
 f - 3 potions of degeneration {unknown}
 h - 6 potions of curing {unknown}
 i - 3 potions of brilliance {unknown}
 m - a potion of berserk rage {unknown}
 p - a potion of invisibility
 q - a potion of haste {unknown}
 r - a potion of resistance {unknown}
 s - 3 potions of attraction {unknown}
 t - a potion of might {unknown}


   Skills:
 + Level 2.0 Fighting
 - Level 2.3 Dodging
 - Level 1.3 Stealth
 + Level 0.2 Shields
 + Level 4.1 Unarmed Combat
 * Level 4.0 Spellcasting
 * Level 3.7 Air Magic
 * Level 4.4 Poison Magic
 - Level 3.2 Evocations


You had 10 spell levels left.
You knew the following spells:

 Your Spells              Type           Power      Damage    Failure   Level
a - Poisonous Vapours     Pois/Air       30%        N/A       4%          2
b - Swiftness             Air            14%        N/A       12%         3

Your spell library contained the following spells:

 Spells                   Type           Power      Damage    Failure   Level
 Shock                    Conj/Air       32%        1d5       9%          1
 Airstrike                Air            7%         2d(1-17)  36%         4
 Tukima's Dance           Hex            3%         N/A       47%         3
 Passage of Golubria      Tloc           3%         N/A       87%         4
 Yara's Violent Unravell  Hex/Tmut       1%         3d3       99%         5
 Corpse Rot               Necr/Pois/Air  Unusable   N/A       N/A         4

Dungeon Overview and Level Annotations

Branches:
Dungeon (6/15)             Temple (1/1) D:5

Altars:
Cheibriados
Dithmenos
Gozag
Hepliaklqana
Makhleb
Nemelex Xobeh
Okawaru
Uskayaw
Vehumet
Wu Jian
Xom
Zin
The Shining One

Annotations:
D:3 exclusion: downstairs
D:5 exclusion: downstairs
D:6 exclusion: wight, Dowan, Duvessa


Innate Abilities, Weirdness & Mutations

You cannot wear most types of armour.
You are amphibious.
You can wear up to eight rings at the same time.
Your skin changes colour to match your surroundings (Stealth+).
Your rubbery body absorbs attacks. (AC +1, EV +1)
((You are camouflaged when in or above water. (Stealth+)))
You have tentacles for arms and can constrict up to eight enemies at once.


Message History

The orc's wounds heal themselves!
The orc looks more healthy.
Poisonous vapours surround the orc!
The orc is poisoned.
Poisonous vapours surround the orc!
The orc looks even sicker.
The orc hits you with a +0 mace.
You closely miss the orc. You grab the orc.
You squeeze the orc, but do no damage.
The orc is heavily wounded.
You constrict the orc. The orc hits you with a +0 mace.
You tentacle-slap the orc.
You kill the orc!
You are too injured to fight recklessly!
You are too injured to fight recklessly!
You are too injured to fight recklessly!
You are too injured to fight recklessly!
Casting: Poisonous Vapours (safe; 4% risk of failure)
Confirm with . or Enter, or press ? or * to list all spells.
Aiming: Poisonous Vapours (safe; 4% risk of failure)
Press: ? - help, Dir - move target, f - orc priest
Aim: an orc priest, wielding a +0 dagger Poisonous vapours surround the orc priest!
The orc priest is poisoned.
Casting: Poisonous Vapours (safe; 4% risk of failure)
Confirm with . or Enter, or press ? or * to list all spells.
Aiming: Poisonous Vapours (safe; 4% risk of failure)
Press: ? - help, Dir - move target, f/p - orc priest
Aim: an orc priest, wielding a +0 dagger (lightly wounded, poisoned)
You miscast Poisonous Vapours.
You are very lightly contaminated with residual magic.
Nothing appears to happen.
The orc priest mumbles some strange prayers to Beogh against you.
Pain shoots through your body!
Unknown command.
The orc priest attacks as you move away!
The orc priest hits you with a +0 dagger.
* * * LOW HITPOINT WARNING * * *
The orc priest mumbles some strange prayers to Beogh against you.
Beogh smites you!
You die...
Your body crumbles into a pile of gold.

#.............##...#
# #..........####
...# ###..###.....o#
..oo ..#.# #####..##
..# ....## ##...## ##
.....# #..#..###
..#...#####.###o$.###
..## #.....##
##....#... #..#
##....# #@........
##.###..##..#
#......###
###.##..##..#
#....#..# #
#....###..# #..###
..# ####...# ##..
..## .. .###..## ...
.## . ..###.# ....#
......# ....###


You could see 2 orc priests.

Vanquished Creatures
  An ice beast (D:6)
  An ogre (D:4)
  2 phantoms
  3 wights (D:6)
  A howler monkey (D:6)
  2 orc priests (D:5)
  An iguana (D:5)
  2 orc wizards
  4 gnolls
  5 adders
  A shadow imp (D:5)
  A white imp (D:6)
  3 dart slugs
  8 orcs
  5 ball pythons
  5 bats
  6 endoplasms
  3 giant cockroaches
  8 goblins
  7 hobgoblins
  7 jackals
  2 quokkas
  2 frilled lizards
  3 kobolds (D:1)
  3 rats
86 creatures vanquished.

Vanquished Creatures (others)
  A hound (D:4)
1 creature vanquished.

Grand Total: 87 creatures vanquished

Notes
Turn   | Place    | Note
-------+----------+-------------------------------------------
     0 | D:1      | H0rd4k the Octopode Artificer began the quest for the Orb.
     0 | D:1      | Reached XP level 1. HP: 13/13 MP: 1/1
   292 | D:1      | Found a faded altar of an unknown god.
   320 | D:1      | Reached skill level 1 in Spellcasting
   339 | D:1      | Reached XP level 2. HP: 18/18 MP: 3/3
  1128 | D:1      | Learned a level 2 spell: Poisonous Vapours
  1178 | D:2      | Found a burning altar of Makhleb.
  1186 | D:2      | Reached XP level 3. HP: 17/23 MP: 5/5
  1640 | D:2      | Reached skill level 1 in Unarmed Combat
  2659 | D:3      | Reached XP level 4. HP: 28/28 MP: 7/7
  2667 | D:3      | Learned a level 3 spell: Swiftness
  2864 | D:3      | Reached skill level 1 in Poison Magic
  3234 | D:4      | Noticed a phantom
  3254 | D:4      | Noticed an ogre
  3262 | D:4      | Killed an ogre
  3263 | D:4      | Reached skill level 1 in Air Magic
  3263 | D:4      | Reached XP level 5. HP: 22/33 MP: 8/8
  3889 | D:4      | Killed a phantom
  3890 | D:4      | Reached XP level 6. HP: 39/39 MP: 8/10
  4326 | D:5      | Entered Level 5 of the Dungeon
  4520 | D:5      | Found a shadowy altar of Dithmenos.
  4563 | D:5      | Found a staircase to the Ecumenical Temple.
  4672 | D:5      | Reached XP level 7. HP: 37/44 MP: 3/11
  4957 | Temple   | Entered the Ecumenical Temple
  5177 | Temple   | Became a worshipper of Gozag Ym Sagoz the Greedy
  5253 | D:5      | Identified the +3 robe of the Lair of Beasts {rPois rN+
                  | Regen+ Str+4}
  5951 | D:6      | Noticed Dowan
  5952 | D:6      | Noticed Duvessa
  6530 | D:6      | Reached XP level 8. HP: 50/50 MP: 12/14
  6607 | D:6      | Killed from afar by an orc priest

Illustrated notes

Levels and vault maps discovered:
D:1:      giann_forest_graveyard, layout_loops_ring, basic_ecumenical_altar
D:2:      layout_loops_ring, basic_altar, dk_noncrumbling_3
D:3:      layout_loops_cross, minmay_fountain_box, wad_floor_pattern_2,
          st_stairs_8, dreamdust_wishing_well
D:4:      layout_rooms, mrwooster_statue_mirror
D:5:      layout_cave_pools, grunt_dithmenos_smoke_and_mirrors,
          minmay_temple_entry_slanted, dk_rats_in_the_wall
D:6:      layout_layer_cave, roderic_serpentine_path, nicolae_zen_rock_garden,
          nrook_campfire, uniq_duvessa
Temple:   bh_familiar_temple

Skill      XL: |  1  2  3  4  5  6  7 |
---------------+----------------------+-----
Spellcasting   | 1 2 3 4 |  4.0
Unarmed Combat | 1 2 3 4 |  4.1
Poison Magic   | 1 2 4 |  4.4
Air Magic      | 1 2 3 |  3.7
Fighting       | 2 |  2.0
Dodging        | |  2.3
Stealth        | |  1.3
Shields        | |  0.2
Evocations     | |  3.2

Action                   |  1- 3 |  4- 6 |  7- 9 || total
-------------------------+-------+-------+-------++-------
Melee: Unarmed           |   103 |    58 |    39 ||   200
       Constrict         |    24 |    13 |    10 ||    47
       Tentacles         |    15 |     7 |    12 ||    34
       Punch             |     3 |     1 |     1 ||     5
 Cast: Poisonous Vapours |       |    24 |    26 ||    50
Evoke: Wand              |     1 |    18 |    12 ||    31
 Stab: Sleeping          |     7 |     3 |     1 ||    11
Armor: Skin              |    10 |     4 |       ||    14
Dodge: Dodged            |    79 |    38 |    13 ||   130
Block: Other             |       |       |     3 ||     3
